[Event "Team 45 45 League T31"]
[Site "Internet Chess Club"]
[Date "2006.06.25"]
[Round "1"]
[White "dougmo"]
[Black "john-beebs"]
[Result "1-0"]
[WhiteElo "1562"]
[BlackElo "1548"]
[TimeControl "2700+45"]

1. e4 e5 2. Nf3 Nc6 3. d4 exd4 4. Bc4 Nf6 5. O-O Bc5 6. e5 Ng4 7. Bf4 O-O 8. h3
Nh6 9. Bxh6 gxh6 10. c3 dxc3 11. Nxc3 d6 12. Ne4 Nxe5 13. Nxe5 dxe5 14. Nxc5 Qg5
15. Ne4 Qg6 16. Qf3 Bf5 17. Rfe1 Kh8 18. Ng3 Be6 19. Bxe6 fxe6 20. Qxb7 Rab8 21.
Qxc7 Rxb2 22. Qxe5+ Qf6 23. Qxf6+ Rxf6 24. Ne4 {Black resigns} 1-0  aics%

[Event "Team 45 45 League T31"]
[Site "Internet Chess Club"]
[Date "2006.06.26"]
[Round "1"]
[White "BraafPaard"]
[Black "Two-DogMan"]
[Result "0-1"]
[WhiteElo "1506"]
[BlackElo "1496"]
[TimeControl "2700+45"]

1. e4 e5 2. Bc4 Nf6 3. d4 exd4 4. Nf3 Be7 5. e5 Ne4 6. Qxd4 Nc5 7. Qg4 O-O 8.
Bh6 g6 9. Bxf8 Bxf8 10. Ng5 Ne6 11. Nf3 d5 12. Bd3 Be7 13. O-O Nc5 14. Qf4 Nxd3
15. cxd3 Be6 16. a3 Nd7 17. Nd4 Nc5 18. Qe3 a5 19. Nd2 c6 20. Nxe6 Nxe6 21. f4
Bc5 22. Qxc5 Nxc5 {White resigns} 0-1  aics%

[Event "Team 45 45 League T31"]
[Site "Internet Chess Club"]
[Date "2006.06.25"]
[Round "1"]
[White "gartman"]
[Black "Club-17"]
[Result "0-1"]
[WhiteElo "1636"]
[BlackElo "1705"]
[TimeControl "2700+45"]

1. e4 d5 2. exd5 Qxd5 3. Nc3 Qa5 4. d4 Nf6 5. Bd2 Qb6 6. Bc4 Qxd4 7. Qe2 e6 8.
O-O-O Be7 9. Nb5 Qb6 10. Bf4 Na6 11. Qe5 Bd7 12. Nxc7+ Qxc7 13. Qxc7 Nxc7 14.
Bxc7 Rc8 {White resigns} 0-1  aics%

[Event "Team 45 45 League T31"]
[Site "Internet Chess Club"]
[Date "2006.06.25"]
[Round "1"]
[White "Smart"]
[Black "C-Jones"]
[Result "1/2-1/2"]
[WhiteElo "1672"]
[BlackElo "1570"]
[TimeControl "2700+45"]

1. e4 e5 2. Nf3 Nc6 3. Bb5 d6 4. d4 exd4 5. Qxd4 Bd7 6. Bxc6 Bxc6 7. Nc3 Nf6 8.
Bg5 Be7 9. O-O-O O-O 10. Rhe1 h6 11. Bh4 g5 12. Bg3 Nh5 13. Nd2 Nxg3 14. hxg3
Bf6 15. Qd3 Qd7 16. f4 Qg4 17. Qf3 Qxf3 18. gxf3 Rae8 19. Nd5 Bxd5 20. exd5 Bd4
21. fxg5 Bf2 22. Rxe8 Rxe8 23. Ne4 Be3+ 24. Kb1 Bxg5 25. Rh1 Kg7 26. g4 Rf8 27.
Ng3 Re8 28. Ne4 Rf8 29. Ng3 Re8 30. c4 Kg6 31. Ne4 b6 32. Kc2 f5 33. gxf5+ Kxf5
34. Rh5 Kg6 35. Rh3 Rf8 36. Kd3 Bf6 37. b3 Bg5 38. Ke2 {Game drawn by mutual
agreement} 1/2-1/2  aics%

[Event "Team 45 45 League T31"]
[Site "Internet Chess Club"]
[Date "2006.06.25"]
[Round "1"]
[White "Fegary"]
[Black "QuaqQuao"]
[Result "1-0"]
[WhiteElo "1594"]
[BlackElo "1690"]
[TimeControl "2700+45"]

1. e4 d5 2. d4 dxe4 3. Nc3 Nf6 4. f3 Bf5 5. fxe4 Nxe4 6. Qf3 Nxc3 7. bxc3 Qc8 8.
Bc4 e6 9. Rb1 c6 10. Nh3 Nd7 11. O-O Nf6 12. Ng5 Qd7 13. Re1 O-O-O 14. Bf4 Nd5
15. Ba6 Nb6 16. a4 Bxc2 17. a5 Bd6 18. Bxd6 Qxd6 19. axb6 axb6 20. Rxb6 Ba4 21.
Rxb7 Bb5 22. Rxb5+ Kd7 23. Qxf7+ {Black resigns} 1-0  aics%

[Event "Team 45 45 League T31"]
[Site "Internet Chess Club"]
[Date "2006.06.25"]
[Round "1"]
[White "Creecher"]
[Black "chesskix"]
[Result "1-0"]
[WhiteElo "1450"]
[BlackElo "1464"]
[TimeControl "2700+45"]

1. d4 Nf6 2. c4 e6 3. Bg5 Be7 4. Nc3 c6 5. Nf3 h6 6. Bh4 O-O 7. e3 b6 8. Bd3 d6
9. O-O Nbd7 10. h3 Bb7 11. Re1 a6 12. Qc2 Rb8 13. a3 c5 14. Bxf6 Nxf6 15. Ne4
Bxe4 16. Bxe4 d5 17. cxd5 exd5 18. Bd3 c4 19. Be2 Bd6 20. b3 b5 21. b4 Re8 22.
Rad1 Rc8 23. Nd2 c3 24. Nb1 Ne4 25. Rd3 Qf6 26. Bf3 Qg6 27. Rc1 Bb8 28. Nxc3 Qd6
29. Bxe4 Qh2+ 30. Kf1 dxe4 31. Rdd1 Qh1+ 32. Ke2 Qxg2 33. Rf1 Qf3+ 34. Ke1 Qxh3
35. Qb1 Qf3 36. Ne2 Rxc1+ 37. Qxc1 a5 38. Qc6 Rd8 39. bxa5 b4 40. axb4 Bd6 41.
Qc4 Qf5 42. b5 Rc8 43. Qb3 Rb8 44. d5 Qe5 45. Kd2 Bc5 46. Rc1 Bd6 47. b6 Qh2 48.
b7 Qxf2 49. a6 {Black resigns} 1-0  aics%

[Event "Team 45 45 League T31"]
[Site "Internet Chess Club"]
[Date "2006.06.22"]
[Round "1"]
[White "Spirou"]
[Black "twinders"]
[Result "1-0"]
[WhiteElo "1709"]
[BlackElo "1650"]
[TimeControl "2700+45"]

1. e4 c5 2. Nf3 d6 3. d4 cxd4 4. Nxd4 Nf6 5. Nc3 a6 6. Be3 Nbd7 7. g4 Nc5 8. f3
Qa5 9. Qd2 b5 10. a3 Qc7 11. h4 Bb7 12. h5 h6 13. g5 hxg5 14. Bxg5 Rxh5 15. Rxh5
Nxh5 16. Qh2 g6 17. O-O-O Bg7 18. Kb1 O-O-O 19. Nd5 Bxd5 20. exd5 Bxd4 21. Rxd4
Kb7 22. c4 bxc4 23. Rxc4 Qd7 24. Rb4+ Ka7 25. Bh3 f5 26. Qe2 Nf6 27. Bf1 Nxd5
28. Rd4 Nf6 29. Bf4 Qb5 30. Qxe7+ Rd7 31. Bxb5 Rxe7 32. Rxd6 Re1+ 33. Ka2 axb5
34. Rxf6 Rf1 35. Be3 Rxf3 36. Bxc5+ Kb7 37. Rxg6 f4 38. Rb6+ Kc7 39. Rxb5 Rf1
40. Bd4 f3 41. Rf5 Kb7 42. Kb3 Ka6 43. a4 Kb7 44. Kb4 Ka6 45. b3 Rd1 46. Bc5 Rf1
47. Rf6+ Kb7 48. Kb5 f2 49. Rxf2 Rb1 50. b4 Rd1 51. Rf7+ Ka8 52. Kb6 Rd8 53. Rf8
Rxf8 54. Bxf8 Kb8 55. b5 Ka8 56. Kc7 Ka7 57. b6+ Ka6 58. b7 Ka5 59. b8=Q Kxa4
60. Bh6 Ka3 61. Kc6 Ka4 62. Qb5+ Ka3 63. Kc5 Ka2 64. Kc4 Ka1 65. Kc3 Ka2 66.
Qb2# {Black checkmated} 1-0  aics%

[Event "Team 45 45 League T31"]
[Site "Internet Chess Club"]
[Date "2006.06.24"]
[Round "1"]
[White "SargentBono"]
[Black "Ulrika"]
[Result "1-0"]
[WhiteElo "1616"]
[BlackElo "1570"]
[TimeControl "2700+45"]

1. e4 c5 2. c3 e5 3. Nf3 d6 4. Bc4 Qf6 5. d4 Bg4 6. Qb3 Bc8 7. dxc5 Nc6 8. cxd6
Bxd6 9. O-O Nge7 10. Bg5 Qg6 11. Nbd2 O-O 12. Be2 Be6 13. Qa4 a6 14. Qc2 f5 15.
Nc4 fxe4 16. Nxd6 exf3 17. Qxg6 Nxg6 18. Bxf3 h6 19. Be3 Nh4 20. Be4 Nf5 21.
Nxb7 Bc4 22. Bxc6 Nxe3 23. fxe3 Bxf1 24. Rxf1 Rfc8 25. Bd5+ Kh7 26. Nd6 Rd8 27.
Bxa8 Rxd6 28. Be4+ Kg8 29. c4 Rd2 30. c5 Rxb2 31. c6 Rb8 32. c7 Rc8 33. Rc1
{Black resigns} 1-0  aics%

[Event "Team 45 45 League T31"]
[Site "Internet Chess Club"]
[Date "2006.06.26"]
[Round "1"]
[White "stan194803"]
[Black "SambaChess"]
[Result "0-1"]
[WhiteElo "1415"]
[BlackElo "1578"]
[TimeControl "2700+45"]

1. e4 b6 2. Nf3 Bb7 3. d3 e6 4. Nc3 Bb4 5. Bd2 Nf6 6. Be2 d6 7. a3 Bxc3 8. Bxc3
Nbd7 9. O-O O-O 10. Bd2 e5 11. h3 Re8 12. Bg5 h6 13. Bh4 Nf8 14. Bg3 Ne6 15. Nh4
g6 16. Nf3 Kh7 17. Nh2 Rg8 18. f4 exf4 19. Bxf4 Nxf4 20. Rxf4 Qe7 21. Qd2 Nd7
22. Raf1 Rg7 23. Ng4 c5 24. Rxf7 Rxf7 25. Qxh6+ Kg8 26. Qxg6+ Kf8 27. Qh6+ Ke8
28. Rxf7 Kxf7 29. Qh7+ Ke8 30. Qh8+ Qf8 31. Qh5+ Kd8 32. Qg5+ Kc7 33. Bf3 Qh8
34. Qe7 Qxb2 35. e5 Qd4+ 36. Kh2 Bxf3 37. exd6+ Qxd6+ 38. Qxd6+ Kxd6 39. gxf3
Re8 40. Kg3 Re2 41. c4 {White resigns} 0-1  aics%

[Event "Team 45 45 League T31"]
[Site "Internet Chess Club"]
[Date "2006.06.24"]
[Round "1"]
[White "PawnSensei"]
[Black "Gomer"]
[Result "0-1"]
[WhiteElo "1422"]
[BlackElo "1250"]
[TimeControl "2700+45"]

1. e4 e5 2. Nf3 Nc6 3. Bc4 Nf6 4. Ng5 d5 5. exd5 Nxd5 6. Nxf7 Kxf7 7. Qf3+ Ke7
8. Bxd5 Be6 9. Bxc6 bxc6 10. Qxc6 Bd5 11. Qc3 Qd6 12. O-O Kd8 13. Qg3 Qf6 14. d4
Kc8 15. Qxe5 Qf7 16. b3 Bd6 17. Qe2 Re8 18. Qd3 Qh5 19. Qh3+ Qxh3 20. gxh3 Kb7
21. Be3 Re7 22. c4 Bc6 23. Nd2 Re6 24. d5 Rg6+ 25. Kh1 Bd7 26. h4 Rc8 27. Rg1 c6
28. Rxg6 hxg6 29. Ne4 Be5 30. Rg1 cxd5 31. cxd5 Bf5 32. f4 Bxe4+ {White resigns}
0-1  aics%  Gomer(340): Considering I was going to resign at about move 8.....
aics%

[Event "Team 45 45 League T31"]
[Site "Internet Chess Club"]
[Date "2006.06.23"]
[Round "1"]
[White "Lipsome123"]
[Black "fhunfi"]
[Result "1/2-1/2"]
[WhiteElo "1888"]
[BlackElo "1998"]
[TimeControl "2700+45"]

1. d4 d5 2. Nf3 Nf6 3. Bf4 Bf5 4. e3 e6 5. c3 Bd6 6. Bg3 c6 7. Bd3 Bxd3 8. Qxd3
Qc7 9. Nbd2 Nbd7 10. O-O O-O 11. Rfe1 Bxg3 12. hxg3 Rad8 13. e4 dxe4 14. Nxe4
Nxe4 15. Qxe4 Nf6 16. Qe5 Qxe5 17. Nxe5 Rd5 18. b4 Rfd8 19. f3 Nd7 20. Nxd7
R8xd7 21. Kf2 g6 22. Rac1 b6 23. Re2 c5 24. bxc5 bxc5 25. dxc5 Rxc5 26. Ke3 Re5+
27. Kf2 Rc5 28. Ke3 {Game drawn by mutual agreement} 1/2-1/2  aics%

[Event "Team 45 45 League T31"]
[Site "Internet Chess Club"]
[Date "2006.06.24"]
[Round "1"]
[White "vjanand"]
[Black "parrot9"]
[Result "1/2-1/2"]
[WhiteElo "1776"]
[BlackElo "1785"]
[TimeControl "2700+45"]

1. e4 c6 2. d4 d5 3. Nc3 dxe4 4. Nxe4 Bf5 5. Ng3 Bg6 6. Nf3 Nd7 7. Bd3 Bxd3 8.
Qxd3 e6 9. O-O Ngf6 10. b3 Be7 11. Bb2 O-O 12. Rad1 Qc7 13. c4 Rfd8 14. Qe2 Nb6
15. Rfe1 Bb4 16. Rf1 Be7 17. Rfe1 Bb4 {Game drawn by mutual agreement} 1/2-1/2 
aics%

[Event "Team 45 45 League T31"]
[Site "Internet Chess Club"]
[Date "2006.06.22"]
[Round "1"]
[White "GolferBob"]
[Black "chiiwen"]
[Result "1/2-1/2"]
[WhiteElo "1726"]
[BlackElo "1698"]
[TimeControl "2700+45"]

1. d4 Nf6 2. Bf4 d5 3. e3 e6 4. Nf3 Be7 5. Bd3 O-O 6. O-O c5 7. c3 c4 8. Bc2 b5
9. Nbd2 a5 10. Bxb8 Rxb8 11. Ne5 Qc7 12. Ndf3 b4 13. cxb4 axb4 14. Re1 Ba6 15.
h3 Qb7 16. g4 Nd7 17. Nxd7 Qxd7 18. Ne5 Qb5 19. Ba4 Qb7 20. Nd7 Rfd8 21. Nxb8
Rxb8 22. Bc2 b3 23. axb3 cxb3 24. Bd3 Bc4 25. Qe2 Qb5 26. Red1 g6 27. e4 Bf6 28.
e5 Bd8 29. Rac1 Rc8 30. Qe3 Kg7 31. Kg2 Qa6 32. Ra1 Qb5 33. Kg3 h6 34. f4 Qc6
35. Rdc1 Qb5 36. Rc3 Ba5 37. Bxc4 dxc4 {Game drawn by mutual agreement} 1/2-1/2 
aics%

[Event "Team 45 45 League T31"]
[Site "Internet Chess Club"]
[Date "2006.06.24"]
[Round "1"]
[White "Avedldesierto"]
[Black "siddhu"]
[Result "0-1"]
[WhiteElo "1719"]
[BlackElo "1626"]
[TimeControl "2700+45"]

1. e4 e5 2. Nf3 Nc6 3. Bb5 Nf6 4. O-O Nxe4 5. d4 Nd6 6. Bxc6 dxc6 7. dxe5 Nf5 8.
Qxd8+ Kxd8 9. c3 h6 10. Nd4 Nxd4 11. cxd4 Bb4 12. Bd2 Bxd2 13. Nxd2 Be6 14. Ne4
Bd5 15. f3 Ke7 16. a3 b6 17. Nc3 Rad8 18. Rac1 Rd7 19. f4 Bc4 20. Rfd1 Rhd8 21.
d5 cxd5 22. Rd2 c5 23. Nd1 Ba6 24. Ne3 Ke6 25. g4 d4 26. Nf5 f6 27. Re1 fxe5 28.
fxe5 d3 29. b3 b5 30. Nd6 c4 31. b4 Rb8 32. Ne4 Rd5 33. Nc5+ Rxc5 34. bxc5 Rc8
35. Rf2 Rxc5 36. Rf8 d2 37. Rd1 c3 38. Re8+ Kd7 39. Rg8 c2 40. Rxd2+ Ke6 41.
Rxc2 Rxc2 42. Rxg7 Kxe5 43. Rxa7 Bc8 44. h3 Kf4 45. Re7 Ra2 46. Rc7 Be6 47. Rc6
Bc4 48. Rd6 Kg3 49. Rd1 Rxa3 50. g5 hxg5 51. Kh1 Rf3 52. Kg1 Rf1+ {White
resigns} 0-1  aics%

[Event "Team 45 45 League T31"]
[Site "Internet Chess Club"]
[Date "2006.06.22"]
[Round "1"]
[White "VentasD"]
[Black "Knightstorm57"]
[Result "1-0"]
[WhiteElo "2082"]
[BlackElo "1898"]
[TimeControl "2700+45"]

1. Nf3 Nf6 2. c4 g6 3. Nc3 Bg7 4. g3 O-O 5. Bg2 d6 6. O-O Nbd7 7. b4 a5 8. b5
Rb8 9. Bb2 b6 10. Nd4 Bb7 11. Bxb7 Rxb7 12. Nc6 Qe8 13. Nd5 Nxd5 14. Bxg7 Ne3
15. fxe3 Kxg7 16. d4 Nb8 17. d5 Nxc6 18. bxc6 Rb8 19. a4 e6 20. Qd4+ Kg8 21. Rf6
exd5 22. cxd5 Qe5 23. Qxe5 dxe5 24. e4 Kg7 25. Rf3 f6 26. d6 cxd6 27. Rd3 Rbd8
28. Rb1 Rf7 29. Rxb6 Rc7 30. Rd5 Rdc8 31. Rxd6 Kf7 32. Rb7 Ke7 33. Rd7+ Rxd7 34.
Rxd7+ Ke6 35. Rxh7 Rxc6 36. Ra7 Rc5 37. Kf2 f5 38. Ra6+ Kf7 39. Ke3 Rc3+ 40. Kd2
Rc5 41. Kd3 Kg7 42. h4 fxe4+ 43. Kxe4 Rc4+ 44. Kxe5 Rxa4 45. e4 Ra1 46. g4 a4
47. g5 Rh1 48. Ra7+ Kg8 49. Kf6 Rxh4 50. Kxg6 Kf8 51. Rxa4 Ke7 52. Kg7 Rg4 53.
g6 Ke6 54. Kh7 Rh4+ 55. Kg8 Rg4 56. g7 Ke7 57. Ra7+ Ke8 58. Ra5 Rh4 59. Re5+ Kd7
60. Kf7 Rf4+ 61. Kg6 {Black resigns} 1-0  aics%

[Event "Team 45 45 League T31"]
[Site "Internet Chess Club"]
[Date "2006.06.25"]
[Round "1"]
[White "Hazy"]
[Black "vicalvarok"]
[Result "1-0"]
[WhiteElo "1869"]
[BlackElo "1970"]
[TimeControl "2700+45"]

1. e4 c5 2. Nf3 e6 3. d4 cxd4 4. Nxd4 Nc6 5. c3 Nf6 6. Bd3 Bc5 7. Be3 Qb6 8. Qb3
Ng4 9. Qxb6 Bxb6 10. Nxc6 Bxe3 11. fxe3 bxc6 12. Ke2 Ne5 13. Nd2 O-O 14. Nf3
Nxd3 15. Kxd3 Ba6+ 16. Kc2 d5 17. e5 f6 18. exf6 Rxf6 19. Rhe1 h6 20. Rad1 Bb7
21. Rd2 Kf7 22. e4 Rf4 23. Ne5+ Kf6 24. Nd7+ Kg5 25. Nc5 Bc8 26. g3 Rf3 27. e5
a5 28. a4 Kg6 29. Ree2 Kf7 30. Rf2 Rxf2 31. Rxf2+ Ke7 32. Nd3 Bd7 33. Nc5 Be8
34. b4 Ra7 35. Kd3 Ra8 36. Kd4 Ra7 37. Rb2 Ra8 38. bxa5 Rxa5 39. Rb7+ Kf8 40.
Nxe6+ Kg8 41. Nc5 Bh5 42. Rb6 Be8 43. Ra6 Rxa6 44. Nxa6 Kf7 45. Nc5 Ke7 46. a5
{Black resigns} 1-0  aics%

[Event "Team 45 45 League T31"]
[Site "Internet Chess Club"]
[Date "2006.06.23"]
[Round "1"]
[White "mitus"]
[Black "jazzyjoe"]
[Result "1-0"]
[WhiteElo "1816"]
[BlackElo "1768"]
[TimeControl "2700+45"]

1. e4 e5 2. Nf3 d6 3. d4 Nf6 4. Bd3 Nbd7 5. c3 Be7 6. O-O O-O 7. Bg5 b6 8. Nbd2
Bb7 9. Qc2 h6 10. Bh4 Nh5 11. Bg3 Nxg3 12. fxg3 f6 13. Nh4 Qe8 14. Bc4+ Kh8 15.
Be6 Rd8 16. Bf5 Kg8 17. Bg6 Rf7 18. Qb3 Nf8 19. Bxf7+ Qxf7 20. Qxf7+ Kxf7 21.
Nf5 Nh7 22. Nxe7 Kxe7 23. h4 Nf8 24. Kf2 Ne6 25. Ke3 Rf8 26. a4 g5 27. d5 Nc5
28. hxg5 hxg5 29. b4 Nd7 30. Rh1 Rf7 31. a5 Nf8 32. axb6 axb6 33. Ra7 {Black
resigns} 1-0  aics%

[Event "Team 45 45 League T31"]
[Site "Internet Chess Club"]
[Date "2006.06.30"]
[Round "1"]
[White "Legal"]
[Black "Allessia"]
[Result "1-0"]
[WhiteElo "2061"]
[BlackElo "2150"]
[TimeControl "2700+45"]

1. Nf3 Nf6 2. g3 c5 3. Bg2 Nc6 4. O-O d5 5. d3 Bg4 6. Nbd2 Bxf3 7. exf3 e6 8. f4
Be7 9. Re1 O-O 10. b3 Rc8 11. Bb2 b5 12. a4 b4 13. Nf3 d4 14. Nd2 Na5 15. Qe2
Re8 16. Nf3 Nd5 17. Ne5 Bf6 18. Qh5 g6 19. Qg4 Bg7 20. h4 Qc7 21. Re2 Nf6 22.
Qf3 h5 23. Rae1 Nd5 24. Bh3 Bxe5 25. fxe5 Nc6 26. Qh1 Nc3 27. Bxc3 dxc3 28. Re4
Nd4 29. Rc1 Rcd8 30. f4 Qd7 31. Bg2 Nxc2 32. Rxc2 Qxd3 33. Ree2 Qxg3 34. Rc1
Qxf4 35. Rf1 Qd4+ 36. Kh2 Qxh4+ 37. Kg1 Qd4+ 38. Kh2 Qd3 39. Rfe1 Rd4 40. Be4
Qa6 41. Qf3 c4 42. Qf6 Rxe4 43. Rxe4 cxb3 44. Rxb4 Qd3 45. Rf1 Rf8 46. Rb7 h4
47. Qf4 Qg3+ 48. Qxg3 hxg3+ 49. Kxg3 b2 50. Rb3 Rc8 51. Rb7 f5 52. exf6 c2 53.
f7+ Kf8 54. Rh1 Rc3+ 55. Kg2 {Black resigns} 1-0  aics%

[Event "Team 45 45 League T31"]
[Site "Internet Chess Club"]
[Date "2006.06.25"]
[Round "1"]
[White "adingod"]
[Black "beer2337"]
[Result "1-0"]
[WhiteElo "1975"]
[BlackElo "1972"]
[TimeControl "2700+45"]

1. d4 d5 2. Nc3 Nf6 3. Bg5 Bf5 4. f3 Nbd7 5. Nxd5 Nxd5 6. e4 Be6 7. exd5 Bxd5 8.
Bd3 b6 9. c4 Bb7 10. Qc2 h6 11. Bh4 g5 12. Bf2 e6 13. O-O-O Qf6 14. Be4 O-O-O
15. c5 Bd5 16. Ne2 Nb8 17. Bxd5 exd5 18. Ng3 Kb7 19. Rhe1 Bg7 20. Nh5 Qc6 21.
Nxg7 Na6 22. Nf5 {Black resigns} 1-0  aics%

[Event "Team 45 45 League T31"]
[Site "Internet Chess Club"]
[Date "2006.06.24"]
[Round "1"]
[White "narog"]
[Black "Squaredance"]
[Result "1-0"]
[WhiteElo "2075"]
[BlackElo "1929"]
[TimeControl "2700+45"]

1. f4 Nf6 2. Nf3 d5 3. e3 c6 4. Be2 Bg4 5. O-O e6 6. d3 Bc5 7. c3 Qc7 8. Kh1
Nbd7 9. Qe1 O-O-O 10. b4 Bd6 11. d4 h6 12. Nbd2 g5 13. Ne5 Bxe2 14. Qxe2 Rdf8
15. a4 gxf4 16. exf4 Rhg8 17. Ba3 h5 18. b5 c5 19. a5 Ng4 20. b6 axb6 21. a6
Ndxe5 22. fxe5 Be7 23. a7 Kd7 24. h3 Nh6 25. Qxh5 Nf5 26. Rxf5 exf5 27. Qxf5+
Kc6 28. c4 Qd7 29. Qc2 Rh8 30. Nf3 dxc4 31. Kg1 Rfg8 32. Bb4 Ra8 33. dxc5 bxc5
34. Bc3 Rhd8 35. e6 Qxe6 36. Ne5+ Kc7 37. Qf2 Bd6 38. Ng4 f5 39. Nh2 Bxh2+ 40.
Kxh2 Rg8 41. Qxc5+ Qc6 42. Qf2 Qd6+ 43. Kh1 f4 44. Qe2 Qd5 45. Be5+ Kc6 46. Rd1
f3 47. gxf3 Qa5 48. Qxc4+ {Black forfeits on time} 1-0  aics% 
TrickyBishop(340): it depends on who had the thicker pages :-) aics%

[Event "Team 45 45 League T31"]
[Site "Internet Chess Club"]
[Date "2006.06.24"]
[Round "1"]
[White "Loco-Motif"]
[Black "SpikeyJ"]
[Result "0-1"]
[WhiteElo "1954"]
[BlackElo "1828"]
[TimeControl "2700+45"]

1. d4 d6 2. c4 Nf6 3. Nc3 g6 4. e4 Bg7 5. f3 O-O 6. Be3 c5 7. Nge2 Qa5 8. Qd2
Nc6 9. O-O-O cxd4 10. Nxd4 Nxd4 11. Bxd4 Be6 12. Kb1 Rfc8 13. Nd5 Qxd2 14. Rxd2
Bxd5 15. cxd5 Nd7 16. Bxg7 Kxg7 17. Bd3 Ne5 18. Be2 Kf6 19. Rc1 Rxc1+ 20. Kxc1
Rc8+ 21. Rc2 Rxc2+ 22. Kxc2 g5 23. g3 Ng6 24. Kd3 Ke5 25. Ke3 e6 26. Bc4 a5 27.
a3 h5 28. b3 b6 29. a4 Kf6 30. dxe6 fxe6 31. Kd4 Ne5 32. Be2 Nc6+ 33. Kc4 Ke5
34. Kb5 Nd4+ 35. Kxb6 Nxe2 36. Kxa5 d5 37. exd5 exd5 38. Kb4 Nxg3 39. a5 Kd6 40.
Kb5 Nf5 41. Kb6 Nd4 42. a6 Ne6 43. Ka5 Kc6 44. b4 Nd4 45. Ka4 Kb6 46. b5 Nxb5
47. Kb4 Na7 48. Kc3 Nc6 49. Kd3 Kxa6 50. Ke3 Kb5 51. h4 gxh4 52. f4 Kc4 53. f5
d4+ 54. Kf4 d3 55. f6 d2 56. f7 d1=Q {White resigns} 0-1  aics%

[Event "Team 45 45 League T31"]
[Site "Internet Chess Club"]
[Date "2006.06.25"]
[Round "1"]
[White "onslaught"]
[Black "SkinnyPuppy"]
[Result "0-1"]
[WhiteElo "2103"]
[BlackElo "2145"]
[TimeControl "2700+45"]

1. e4 d5 2. exd5 Nf6 3. Bb5+ Bd7 4. Bc4 Bg4 5. f3 Bf5 6. Bb5+ Nbd7 7. d4 Nxd5 8.
Ne2 c6 9. Bd3 Bxd3 10. Qxd3 g6 11. O-O Bg7 12. c4 N5b6 13. a4 Nc5 14. Qd1 Ne6
15. c5 Nd5 16. Nbc3 O-O 17. f4 f5 18. Kh1 Qd7 19. a5 Rad8 20. a6 b5 21. cxb6
Nxb6 22. Qb3 Kh8 23. Be3 Nc7 24. Rfd1 Rb8 25. Qa2 e6 26. Ng1 Ncd5 27. Nxd5 Nxd5
28. Bc1 Nf6 29. Nf3 Ne4 30. Be3 Qd5 31. Ne5 Rb3 32. Rd3 Rfb8 33. Rxb3 Rxb3 34.
Nxc6 Rxe3 35. Qxd5 exd5 36. Nxa7 Nd6 37. Nc6 Re8 38. a7 Ra8 39. b4 Nb5 40. Ra5
Nxd4 41. Ne7 Bf8 42. Nxd5 Nc6 43. Rb5 Nxa7 44. Rb7 Rd8 {White resigns} 0-1 
aics%

[Event "Team 45 45 League T31"]
[Site "Internet Chess Club"]
[Date "2006.06.23"]
[Round "1"]
[White "PvsNP"]
[Black "jonesey"]
[Result "1/2-1/2"]
[WhiteElo "1859"]
[BlackElo "2005"]
[TimeControl "2700+45"]

1. e4 e5 2. Bc4 Bc5 3. Nf3 Nc6 4. c3 Nf6 5. d4 exd4 6. cxd4 Bb4+ 7. Bd2 Bxd2+ 8.
Nbxd2 d5 9. exd5 Nxd5 10. Qb3 Na5 11. Qa4+ Nc6 12. Qb3 Na5 13. Qa4+ Nc6 14. Qb3
Na5 {Game drawn by repetition} 1/2-1/2  aics%

[Event "Team 45 45 League T31"]
[Site "Internet Chess Club"]
[Date "2006.06.22"]
[Round "1"]
[White "vaibhav"]
[Black "Chief-Justice"]
[Result "0-1"]
[WhiteElo "2005"]
[BlackElo "1864"]
[TimeControl "2700+45"]

1. e4 g6 2. d4 c6 3. c4 d5 4. cxd5 cxd5 5. e5 Nc6 6. Nc3 Bg7 7. Be2 f6 8. f4
fxe5 9. fxe5 e6 10. Nf3 Nge7 11. O-O O-O 12. Bg5 Qb6 13. Bxe7 Nxe7 14. Qd2 Bd7
15. Rac1 Rac8 16. Kh1 Nf5 17. g4 Bh6 18. g5 Bg7 19. Rg1 Ne7 20. Rg3 Rf7 21. Rf1
Nf5 22. Rg4 Bf8 23. Nh4 Bb4 24. Nxf5 exf5 25. Rgf4 Qa5 26. R1f3 Bxc3 27. bxc3
Bb5 28. Bd1 Rfc7 29. Bb3 Bc4 30. Qb2 Bxb3 31. Qxb3 Rxc3 32. Rxc3 Rxc3 33. Qxb7
Rc1+ 34. Kg2 Qd2+ 35. Rf2 Qxg5+ 36. Kf3 Qg4+ 37. Ke3 Qe4+ 38. Kd2 Rc2+ 39. Kd1
Qd3+ 40. Ke1 Rc1# {White checkmated} 0-1  aics%

[Event "Team 45 45 League T31"]
[Site "Internet Chess Club"]
[Date "2006.06.24"]
[Round "1"]
[White "crispin"]
[Black "JudokaUsa"]
[Result "1-0"]
[WhiteElo "1786"]
[BlackElo "1878"]
[TimeControl "2700+45"]

1. e4 e5 2. Nf3 Nc6 3. Bb5 a6 4. Ba4 Nf6 5. Qe2 b5 6. Bb3 d6 7. a4 b4 8. c3 Na5
9. Bc2 b3 10. Bd1 Bb7 11. d3 Rb8 12. Bg5 Be7 13. Nbd2 Ba8 14. d4 exd4 15. cxd4
O-O 16. O-O c5 17. e5 dxe5 18. dxe5 Nd5 19. Bxe7 Nxe7 20. Qxa6 Nd5 21. Nc4 Nc6
22. Ncd2 Nd4 23. Qc4 Nb6 24. Qxc5 Nxf3+ 25. Nxf3 Rc8 26. Qb4 Rc4 27. Qxb3 Bd5
28. Qb5 Rg4 29. h3 Rg6 30. Be2 Re8 31. Rfd1 Qa8 32. Kf1 Rb8 33. a5 Bc6 34. Qc5
Nd7 35. Qc3 Rc8 36. Qd4 Nf8 37. b4 Ne6 38. Qe3 Nc7 39. Rd6 Nd5 40. Qd4 Rb8 41.
Rxg6 hxg6 42. Rb1 Nc7 43. Qf4 Ne6 44. Qe3 Nc7 45. Kg1 Nd5 46. Qd4 Nc7 47. Qh4
Be4 48. Rc1 Ne6 49. Rc4 Bd5 50. Rc1 g5 51. Qg4 Nf4 52. Nxg5 Nxe2+ 53. Qxe2 Rxb4
54. Qh5 Qd8 55. Qh7+ Kf8 56. Rc8 {Black resigns} 1-0  aics%